[Event "January 2 Early 2024"]
[Site "https://www.chess.com"]
[Date "2024.01.02"]
[Round "8"]
[White "Kuzhylnyi, Oleksandr"]
[Black "Yeletsky, Ivan"]
[Result "1/2-1/2"]
[Board "40"]
[TimeControl "180+1"]
[WhiteFideId "34110500"]
[BlackFideId "24180327"]
[WhiteElo "2669"]
[BlackElo "2849"]
[WhiteTeam "UKR"]
[BlackTeam "RUS"]
[WhiteClock "0:00:10"]
[BlackClock "0:00:07"]

1. d4 Nf6 2. Nf3 Nc6 3. Nc3 e6 4. a3 d5 5. Bg5 Be7 6. Qd3 b6 7. O-O-O a5 8. Bxf6 Bxf6 9. e4 O-O 10. Qb5 Na7 11. Qe2 b5 12. exd5 exd5 13. Nxb5 Ba6 14. c4 dxc4 15. Nc3 Rb8 16. Ne5 Re8 17. f4 c6 18. Qc2 Qb6 19. Nd7 Qc7 20. Nxb8 Qxf4+ 21. Kb1 Rxb8 22. g3 Qg4 23. Bg2 Nb5 24. Nxb5 cxb5 25. Qe4 Qxe4+ 26. Bxe4 b4 27. axb4 axb4 28. Rhe1 c3 29. bxc3 bxc3+ 30. Kc2 Rb2+ 31. Kxc3 Rxh2 32. Rh1 Re2 33. Bxh7+ Kf8 34. Bd3 Re3 35. Kc2 Bb7 36. Rh3 g6 37. Rh2 Rxg3 38. d5 Bxd5 39. Rf2 Kg7 40. Rdf1 Bd4 41. Rf4 Be5 42. R4f2 f5 43. Bxf5 gxf5 44. Rxf5 Be4+ 45. Kd2 Bc3+ 46. Ke2 Bxf5 47. Rxf5 Bf6 48. Rb5 Rg2+ 49. Kf3 Ra2 50. Rb3 Kg6 51. Rd3 Be5 52. Rd5 Kf5 53. Rd7 Ra3+ 54. Ke2 Ke4 55. Re7 Ra2+ 56. Ke1 Kd4 57. Kf1 Rb2 58. Re8 Ke4 59. Ke1 Rb5 60. Ke2 Kf5 61. Rf8+ Kg4 62. Re8 Rd5 63. Rf8 Bf4 64. Rg8+ Bg5 65. Rf8 Rd2+ 66. Ke1 Ra2 67. Kd1 Bf4 68. Rc8 Kf3 69. Rc2 Be3 70. Rxa2 Bf4 71. Ra3+ Ke4 72. Ke2 Kd4 73. Ra4+ Ke5 74. Ra5+ Ke4 75. Ra4+ Ke5 76. Kf3 Bd2 77. Ra3 Kd4 78. Ra2 Kd3 79. Ra8 Be1 80. Rd8+ Kc4 81. Ke4 Kc5 82. Rd5+ Kc6 83. Rd1 Bb4 84. Ke5 Bc3+ 85. Ke6 Bb2 86. Rd2 Ba3 87. Rc2+ Kb7 88. Ra2 Bc5 89. Kd5 Bg1 90. Rg2 Ba7 91. Rg6 Ka8 92. Kc6 Bb8 93. Rg7 Ba7 94. Rg8+ Bb8 95. Rg2 Ba7 96. Rb2 Bb8 97. Rb1 Ba7 98. Kd7 Bb8 99. Rb2 Ba7 100. Rb3 Bb8 101. Kc8 Ba7 102. Rb1 Bc5 103. Rb5 Ba7 104. Rb3 Bf2 105. Ra3+ Ba7 106. Rd3 Bf2 107. Rd7 Ba7 108. Kc7 Bb8+ 109. Kc6 Ba7 110. Rh7 Bb8 111. Kb6 Bf4 112. Ka6 Kb8 113. Rf7 Bg3 114. Kb6 Kc8 115. Kc6 Kb8 116. Rb7+ Ka8 117. Rb3 Bb8 118. Kb6 Ba7+ 119. Ka6 Bb8 120. Rh3 1/2-1/2

[Event "January 2 Early 2024"]
[Site "https://www.chess.com"]
[Date "2024.01.02"]
[Round "8"]
[White "Hansen, Sune Berg"]
[Black "Ilamparthi A R"]
[Result "0-1"]
[Board "41"]
[TimeControl "180+1"]
[WhiteFideId "1400266"]
[BlackFideId "45015775"]
[WhiteElo "2667"]
[BlackElo "2827"]
[WhiteTeam "DEN"]
[BlackTeam "IND"]
[WhiteClock "0:00:02"]
[BlackClock "0:00:06"]

1. d4 d5 2. c4 c6 3. Nf3 Nf6 4. Qb3 g6 5. Nc3 dxc4 6. Qxc4 b5 7. Qb3 Be6 8. Qc2 b4 9. Na4 Bf5 10. Qc4 Bg7 11. e3 a5 12. Be2 O-O 13. O-O Qc7 14. b3 Nbd7 15. Bb2 Ne4 16. Rac1 Rac8 17. Rfd1 c5 18. Nh4 Nd6 19. Qd5 Be4 20. Qg5 h6 21. Qg3 Qa7 22. dxc5 Bxb2 23. Nxb2 Nxc5 24. h3 Ba8 25. Nxg6 Nce4 26. Nxe7+ Kh7 27. Qh4 Rce8 28. Nd5 Rg8 29. Nf4 Nf5 30. Qh5 Rg5 31. Qf3 Nc3 32. e4 Bxe4 33. Rxc3 bxc3 34. Qxc3 Bxg2 35. Nxg2 Rxe2 36. Qf3 Rxb2 37. Rd5 Rb1+ 38. Kh2 Qc7+ 39. Nf4 Qc1 40. h4 Qg1+ 41. Kh3 Qh1+ 0-1

[Event "January 2 Early 2024"]
[Site "https://www.chess.com"]
[Date "2024.01.02"]
[Round "8"]
[White "Piesik, Piotr"]
[Black "Pakleza, Zbigniew"]
[Result "1/2-1/2"]
[Board "42"]
[TimeControl "180+1"]
[WhiteFideId "1136194"]
[BlackFideId "1119290"]
[WhiteElo "2664"]
[BlackElo "2817"]
[WhiteTeam "CZE"]
[BlackTeam "POL"]
[WhiteClock "0:00:24"]
[BlackClock "0:00:06"]

1. d4 d6 2. c4 e5 3. d5 f5 4. e4 fxe4 5. Nc3 Nf6 6. Nge2 Nbd7 7. Ng3 Nc5 8. Bg5 Be7 9. Bxf6 Bxf6 10. Ngxe4 Nxe4 11. Nxe4 O-O 12. Bd3 Bf5 13. O-O Be7 14. Qc2 Bg6 15. Rae1 Qd7 16. Ng3 Bxd3 17. Qxd3 Rf4 18. Re4 Rf7 19. b3 Raf8 20. f3 g6 21. a4 b6 22. a5 Kg7 23. Ra1 h5 24. Ne2 Rb8 25. axb6 axb6 26. Nc3 Qc8 27. Re2 Ra8 28. Rea2 Rxa2 29. Rxa2 Bf6 30. Ne4 Qb7 31. Qd1 b5 32. c5 dxc5 33. Nxc5 Qb6 34. b4 Be7 35. Rc2 Rf4 36. Kh1 Bxc5 37. bxc5 Qa6 38. Qe1 Kf6 39. h3 Ra4 40. Qe3 Ra1+ 41. Kh2 Qa4 42. d6 cxd6 43. Rd2 Qf4+ 44. Qxf4+ exf4 45. Rxd6+ Kf5 46. c6 Rc1 47. Rd5+ Kf6 48. Rxb5 Rxc6 49. Rb4 g5 50. h4 Rc5 51. hxg5+ Kxg5 52. Rb8 Rd5 53. Rg8+ Kf5 54. Rf8+ Kg5 55. Rg8+ Kf5 56. Rf8+ Kg5 57. Rg8+ 1/2-1/2

[Event "January 2 Early 2024"]
[Site "https://www.chess.com"]
[Date "2024.01.02"]
[Round "8"]
[White "Molina, Roberto Junio Brito"]
[Black "Bartel, Michal"]
[Result "1-0"]
[Board "43"]
[TimeControl "180+1"]
[WhiteFideId "2109450"]
[BlackFideId "1119257"]
[WhiteElo "2801"]
[BlackElo "2652"]
[WhiteTeam "BRA"]
[BlackTeam "POL"]
[WhiteClock "0:00:19"]
[BlackClock "0:01:51"]

1. d4 Nf6 2. Nf3 c5 3. d5 e6 4. c4 exd5 5. cxd5 d6 6. Nc3 g6 7. e4 Bg7 8. h3 O-O 9. Bd3 Re8 10. O-O c4 11. Bc2 b5 12. Nxb5 Nxe4 13. Re1 Nf6 14. Rxe8+ Nxe8 15. Nc3 Nd7 16. Be3 Qc7 17. Bd4 Nef6 18. Qd2 Ba6 19. Re1 Qb7 20. Ba4 Rb8 21. Re2 Re8 22. Bc6 Qc7 23. Rxe8+ Nxe8 24. Bxg7 Nxg7 25. Ne4 Nb8 26. Qf4 Nxc6 27. dxc6 Qxc6 28. Nxd6 Qd5 29. Ng5 Nf5 30. Nxf5 Qxf5 31. Qxf5 gxf5 32. f4 f6 33. Nf3 Kf7 34. Nd4 Bc8 35. Nb5 Bd7 36. Nd6+ Ke6 37. Nxc4 Kd5 38. b3 Ke4 39. g3 Kd3 40. Kf2 Kc2 41. Ke3 Kb1 42. Kd2 Kxa2 43. Kc3 Be6 44. Na5 Ka3 45. b4 Ka4 46. Nc6 a6 47. Nd4 Bd7 48. Kc4 Ka3 49. Kc3 Ka4 50. h4 h5 51. Kc4 Ka3 52. Kc5 Ka4 53. Kd6 Bc8 54. Kc5 Bd7 55. Nc2 Kb3 56. Ne3 Kc3 57. Nd5+ Kd3 58. Nxf6 Bc8 59. Nxh5 Ke4 60. Nf6+ Kf3 61. h5 Kxg3 62. h6 Kxf4 63. h7 Ke3 64. h8=Q f4 65. Nd5+ Ke4 66. Qd4+ Kf5 67. Qxf4+ Ke6 68. Qd6+ Kf7 69. Qc7+ Kg6 70. Qxc8 a5 71. Qa6+ Kf5 72. Qxa5 Ke5 73. Kc4 Ke4 74. Kb3 Kd4 75. Kb2 Ke5 76. Kb1 Kd4 77. Ka2 Kc4 78. Ka3 Kd4 79. Ka4 Kc4 80. Qc5+ Kd3 81. Nb6 Ke4 82. Kb5 Kf4 83. Kc6 Ke4 84. Kc7 Kf4 85. Kd6 Ke4 86. Kd7 Kf4 87. Ke6 Kg4 88. Ke7 Kh4 89. Kf6 Kg4 90. Kf7 Kh4 91. Kg6 Kg4 92. Kh6 Kh4 93. Kh7 Kg4 94. Kg7 Kf4 95. Kg8 Ke4 96. Nc8 Kf4 97. Kf8 Ke4 98. Ne7 Kf4 99. Ke8 Ke4 100. Kd7 Kf4 101. Kd8 Ke4 102. Kc7 Kf4 103. Kc8 Ke4 104. b5 Kf4 105. Kc7 Ke4 106. Kd8 Kf4 107. Kd7 Ke4 108. Ke8 Kf4 109. Kf7 Ke4 110. Kf8 Kf4 111. Kg7 Ke4 112. Kg8 Kf4 113. Kh7 Ke4 114. Kh8 Kf4 115. Qc6 Kg4 116. Kg7 Kf4 117. Kf6 Kg4 118. Ke5 Kg5 119. Kd4 Kg4 120. Kd3 Kf4 121. Kd2 Ke5 122. Kc3 Kf4 123. Kc2 Ke5 124. Kb3 Kf4 125. Kb2 Ke5 126. Ka3 Kf4 127. Ka4 Ke5 128. Ka5 Kf4 129. Ka6 Ke5 130. Ka7 Kd4 131. Ka8 Ke5 132. Kb8 Kd4 133. Nc8 Ke5 134. Kc7 Kd4 135. Kd8 Ke5 136. Kd7 Kd4 137. Ke8 Ke5 138. Ke7 Kd4 139. Kf8 Ke5 140. Kf7 Kd4 141. Na7 Ke5 142. Kf8 Kd4 143. b6 Ke5 144. Ke7 Kd4 145. Kd8 Ke5 146. b7 Kd4 147. b8=N Ke5 148. Nd7+ Kd4 149. Nb5+ Ke3 150. Qc4 Kf3 151. Ke7 Ke3 152. Ke6 Kf3 153. Kf5 Ke3 154. Qc3+ Kf2 155. Kf4 Ke2 156. Qc2+ Ke1 157. Kf3 Kf1 158. Qd2 Kg1 159. Nc3 Kf1 160. Nf6 Kg1 161. Ng4 Kf1 162. Ne4 Kg1 163. Qe2 Kh1 164. Ng3+ Kg1 165. Qg2# 1-0

[Event "January 2 Early 2024"]
[Site "https://www.chess.com"]
[Date "2024.01.02"]
[Round "8"]
[White "Gabrielian, Artur"]
[Black "Papasimakopoulos, Alexandros"]
[Result "1-0"]
[Board "44"]
[TimeControl "180+1"]
[WhiteFideId "4131002"]
[BlackFideId "4244125"]
[WhiteElo "2800"]
[BlackElo "2651"]
[WhiteTeam "RUS"]
[BlackTeam "GRE"]
[WhiteClock "0:00:14"]
[BlackClock "0:00:15"]

1. e4 e6 2. d4 d5 3. Nc3 Bb4 4. e5 c5 5. a3 Bxc3+ 6. bxc3 Nc6 7. Qg4 g6 8. h4 h6 9. Nf3 Qa5 10. Bd2 c4 11. a4 Bd7 12. Qf4 Rh7 13. g3 O-O-O 14. Bh3 Nce7 15. Ke2 Bxa4 16. Rhb1 b5 17. Qe3 Nf5 18. Bxf5 gxf5 19. Bc1 Ne7 20. Ba3 Nc6 21. Bc5 Rg8 22. Kd2 Rg4 23. Kc1 Re4 24. Qd2 a6 25. Ng1 f4 26. Ne2 fxg3 27. fxg3 Rxe2 28. Qxe2 Qxc3 29. Rxa4 bxa4 30. Qg4 Rh8 31. Qg7 Qe3+ 32. Kb2 Rd8 33. Qxf7 Nxd4 34. Ka2 Rd7 35. Qe8+ Rd8 36. Rb8+ Kxb8 37. Qxd8+ Kb7 38. Qd7+ Kb8 39. Qa7+ Kc8 40. Bxd4 Qc1 41. Qxa6+ Kd8 42. Qd6+ Kc8 43. Qxe6+ Kb8 44. Qb6+ Kc8 45. Qc6+ Kb8 46. Qb5+ Kc8 47. Qb2 Qe1 48. Qb5 Qc1 49. Qxa4 h5 50. e6 Qe1 51. Qd7+ Kb8 52. Qb5+ Kc7 53. Qc5+ Kb8 54. Qxd5 Qa5+ 55. Qxa5 1-0

[Event "January 2 Early 2024"]
[Site "https://www.chess.com"]
[Date "2024.01.02"]
[Round "8"]
[White "Volkov, Maksim"]
[Black "De Winter, Arthur"]
[Result "1/2-1/2"]
[Board "45"]
[TimeControl "180+1"]
[WhiteFideId "54123070"]
[BlackFideId "1069020"]
[WhiteElo "2651"]
[BlackElo "2799"]
[WhiteTeam "RUS"]
[BlackTeam "NED"]
[WhiteClock "0:00:03"]
[BlackClock "0:00:04"]

1. d4 Nf6 2. c4 g6 3. g3 Bg7 4. Bg2 O-O 5. Nc3 d6 6. Nf3 Nc6 7. O-O a6 8. d5 Na5 9. b3 c5 10. dxc6 Nxc6 11. Bg5 h6 12. Be3 Bd7 13. Rc1 Rc8 14. Ne1 Qa5 15. Nd3 b5 16. c5 dxc5 17. Nxc5 Bf5 18. Qe1 Qa3 19. h3 Nb4 20. g4 Nc2 21. Nb1 Qxa2 22. Qd2 Rfd8 23. Nd3 Bxd3 24. exd3 Qxb3 25. Bxh6 Qxd3 26. Qxd3 Rxd3 27. Bxg7 Kxg7 28. g5 Nh5 29. Be4 Nf4 30. Bxd3 Nxd3 31. Rcd1 Nf4 32. Kh2 Rc5 33. Rd7 Rxg5 34. Rxe7 Nd4 35. Nd2 Rh5 36. Kg3 Nf5+ 37. Kxf4 Nxe7 38. Ra1 Rxh3 39. Rxa6 Nd5+ 40. Ke4 Nf6+ 41. Kf4 Rd3 42. Nf3 Rd5 43. Rb6 Rf5+ 44. Kg3 Ne4+ 45. Kg2 g5 46. Nd4 Rxf2+ 47. Kg1 Rf6 48. Rxb5 Kg6 49. Kg2 Nd6 50. Rd5 Nf5 51. Nc2 Rc6 52. Nb4 Rc4 53. Rb5 g4 54. Nd5 Rc2+ 55. Kg1 g3 56. Rb6+ Kg5 57. Rb5 Rc1+ 58. Kg2 Rc2+ 59. Kg1 Kg4 60. Rb4+ Kg5 61. Rb5 1/2-1/2

[Event "January 2 Early 2024"]
[Site "https://www.chess.com"]
[Date "2024.01.02"]
[Round "8"]
[White "Vakhlamov, Igor L."]
[Black "Jia, Haoxiang"]
[Result "1-0"]
[Board "46"]
[TimeControl "180+1"]
[WhiteFideId "24126748"]
[BlackFideId "8602999"]
[WhiteElo "2799"]
[BlackElo "2649"]
[WhiteTeam "RUS"]
[BlackTeam "CHN"]
[WhiteClock "0:00:06"]
[BlackClock "0:00:09"]

1. e4 c5 2. Nf3 d6 3. Nc3 Nf6 4. d4 cxd4 5. Qxd4 Nc6 6. Bb5 Bd7 7. Bxc6 Bxc6 8. Bg5 e6 9. O-O-O Be7 10. Rhe1 O-O 11. e5 dxe5 12. Nxe5 Qxd4 13. Rxd4 Rfd8 14. Nxc6 bxc6 15. Rxd8+ Rxd8 16. Ne4 Kf8 17. Nxf6 gxf6 18. Bh6+ Ke8 19. Re4 f5 20. Rc4 Kd7 21. Be3 Kc7 22. Ra4 Ra8 23. g3 a5 24. c3 c5 25. Kc2 Kc6 26. b3 Kb5 27. Bd2 e5 28. a3 Bd6 29. Rh4 a4 30. c4+ Kc6 31. b4 cxb4 32. axb4 a3 33. Kb1 a2+ 34. Ka1 Ra3 35. Rxh7 e4 36. Rh6 Kd7 37. Bf4 Bxb4 38. Be5 Ra5 39. Bd4 Bd2 40. Rb6 Ra4 41. Rb2 Be1 42. Rxa2 Rxc4 43. Be3 Bc3+ 44. Kb1 Be5 45. h4 Rc6 46. Ra5 Ke6 47. h5 Rc8 48. Ra6+ Kd5 49. Ra5+ Ke6 50. h6 Rh8 51. Kc2 Bf6 52. Ra6+ Ke5 53. Ra5+ Ke6 54. Ra6+ Ke7 55. Kb3 Rb8+ 56. Kc4 Be5 57. Kd5 Rb5+ 58. Bc5+ Kd7 59. Ra7+ Ke8 60. Kxe5 Rxc5+ 61. Kf4 Rc6 62. h7 Rh6 63. h8=Q+ Rxh8 64. Ra8+ Ke7 65. Rxh8 Kf6 66. Ra8 Kg7 67. Ra5 1-0

[Event "January 2 Early 2024"]
[Site "https://www.chess.com"]
[Date "2024.01.02"]
[Round "8"]
[White "Manukyan, Sargis A."]
[Black "Holt, Conrad"]
[Result "0-1"]
[Board "47"]
[TimeControl "180+1"]
[WhiteFideId "13303970"]
[BlackFideId "2034387"]
[WhiteElo "2642"]
[BlackElo "2794"]
[WhiteTeam "ARM"]
[BlackTeam "USA"]
[WhiteClock "0:01:08"]
[BlackClock "0:01:15"]

1. d4 d5 2. c4 c6 3. Nc3 dxc4 4. a4 e5 5. e3 exd4 6. exd4 Be6 7. Nf3 Nf6 8. Be2 Bb4 9. O-O Nbd7 10. Nd2 Nb6 11. a5 Nbd5 12. a6 b5 13. Nde4 Nxc3 14. Nxc3 O-O 15. Bg5 Be7 16. Bf3 Nd5 17. Bxe7 Nxe7 18. Re1 Rc8 19. Ne4 Nf5 20. Nc5 Nxd4 21. Nxe6 fxe6 22. Bg4 Qf6 23. Qd2 Rcd8 24. Qd1 Qxf2+ 25. Kh1 Nb3 26. Bxe6+ Kh8 27. Qb1 Rd2 28. Bh3 Rxb2 29. Qd1 Nxa1 30. Qxa1 c3 31. Rg1 b4 32. Qc1 c5 33. Be6 Re2 34. Bc4 Rc2 35. Qd1 Rd2 36. Qh5 c2 37. h4 Qxg1+ 38. Kxg1 c1=Q+ 39. Kh2 Qxc4 40. Qg5 Qf4+ 41. Qxf4 Rxf4 42. h5 Rg4 43. h6 Rdxg2+ 44. Kh3 Rg6 0-1

[Event "January 2 Early 2024"]
[Site "https://www.chess.com"]
[Date "2024.01.02"]
[Round "8"]
[White "Al-Tarboush, Ward"]
[Black "Krzyzanowski, Marcin"]
[Result "0-1"]
[Board "48"]
[TimeControl "180+1"]
[WhiteFideId "7601450"]
[BlackFideId "1132199"]
[WhiteElo "2634"]
[BlackElo "2779"]
[WhiteTeam "NOR"]
[BlackTeam "POL"]
[WhiteClock "0:00:00"]
[BlackClock "0:01:54"]

1. e4 c6 2. Nf3 d5 3. Nc3 dxe4 4. Nxe4 Nf6 5. Nxf6+ exf6 6. Bc4 Bd6 7. Qe2+ Be7 8. O-O O-O 9. d4 Bd6 10. Re1 Bg4 11. Qe4 Qd7 12. Nh4 Na6 13. Be3 Nb4 14. h3 f5 15. Nxf5 Bxf5 16. Qf3 Nxc2 17. g4 Nxe1 18. Rxe1 Be6 19. Bd3 f5 20. Bg5 Bd5 21. Qd1 fxg4 22. Bc2 Rae8 23. Re3 Rxe3 24. Bxe3 gxh3 0-1

[Event "January 2 Early 2024"]
[Site "https://www.chess.com"]
[Date "2024.01.02"]
[Round "8"]
[White "Novozhilov, Semen"]
[Black "Souleidis, Georgios"]
[Result "1-0"]
[Board "49"]
[TimeControl "180+1"]
[WhiteFideId "24289167"]
[BlackFideId "4206827"]
[WhiteElo "2761"]
[BlackElo "2631"]
[WhiteTeam "RUS"]
[BlackTeam "GRE"]
[WhiteClock "0:01:52"]
[BlackClock "0:00:00"]

1. d4 Nf6 2. Nf3 g6 3. Nc3 d5 4. Bf4 Bg7 5. Nb5 Na6 6. e3 O-O 7. Be2 c6 8. Nc3 Nc7 9. Ne5 Ne6 10. Bg3 Nd7 11. h4 Nxe5 12. Bxe5 f6 13. Bg3 Qb6 14. Rb1 Re8 15. h5 Nf8 16. hxg6 hxg6 17. Bg4 e5 18. dxe5 fxe5 19. Bxc8 Raxc8 20. Qg4 d4 21. Ne4 dxe3 22. O-O Rcd8 23. Kh2 Qd4 24. Rbd1 Qb6 25. Rxd8 Rxd8 26. Bh4 Re8 27. fxe3 Qxe3 28. Nd6 Rb8 29. Qc4+ Kh7 30. Rf7 Qd4 31. Bf6 Qxc4 32. Rxg7+ Kh6 33. Nxc4 e4 34. Ne5 Re8 35. g4 1-0

[Event "January 2 Early 2024"]
[Site "https://www.chess.com"]
[Date "2024.01.02"]
[Round "8"]
[White "Zavgorodniy, Sergiy"]
[Black "Kosteniuk, Alexandra"]
[Result "1-0"]
[Board "50"]
[TimeControl "180+1"]
[WhiteFideId "14110148"]
[BlackFideId "4128125"]
[WhiteElo "2629"]
[BlackElo "2760"]
[WhiteTeam "UKR"]
[BlackTeam "SUI"]
[WhiteClock "0:00:28"]
[BlackClock "0:00:03"]

1. e4 c6 2. d4 d5 3. exd5 cxd5 4. c4 Nf6 5. Nc3 Nc6 6. Nf3 a6 7. cxd5 Nxd5 8. Bd3 g6 9. O-O Bg7 10. Be4 Nc7 11. d5 Ne5 12. Nxe5 Bxe5 13. Bh6 Bf5 14. Bxf5 gxf5 15. Re1 Qd6 16. Qh5 Rg8 17. g3 Bxc3 18. bxc3 f4 19. c4 fxg3 20. hxg3 O-O-O 21. Rab1 e6 22. Qf3 exd5 23. Bf4 Qc6 24. cxd5 Qxd5 25. Qc3 Rd7 26. Rec1 Rg6 27. Bxc7 Rc6 28. Qh8+ Kxc7 29. Re1 Qd4 30. Qa8 b5 31. Re8 Rd8 32. Re7+ Rd7 33. Rbe1 Rxe7 34. Rxe7+ Kb6 35. Qa7+ Ka5 36. Qxd4 1-0

[Event "January 2 Early 2024"]
[Site "https://www.chess.com"]
[Date "2024.01.02"]
[Round "8"]
[White "Grycel, Kamil"]
[Black "Garcia Ramos, Daniel"]
[Result "0-1"]
[Board "51"]
[TimeControl "180+1"]
[WhiteFideId "1115499"]
[BlackFideId "32010311"]
[WhiteElo "2622"]
[BlackElo "2758"]
[WhiteTeam "POL"]
[BlackTeam "ESP"]
[WhiteClock "0:00:06"]
[BlackClock "0:01:24"]

1. d4 Nf6 2. Nf3 e6 3. Bf4 d5 4. e3 Bd6 5. Bg3 O-O 6. Nbd2 c5 7. c3 Qc7 8. Be2 Nbd7 9. c4 e5 10. dxe5 Nxe5 11. Bxe5 Bxe5 12. O-O Bxb2 13. Rb1 Be5 14. cxd5 Nxd5 15. Rc1 Nc3 16. Qe1 Nxe2+ 17. Qxe2 b6 18. Rfd1 Bb7 19. Nc4 Bf6 20. Nd6 Rad8 21. Nxb7 Qxb7 22. h3 h6 23. Qc4 Qc6 24. a4 Rd7 25. Rxd7 Qxd7 26. e4 Rd8 27. e5 Be7 28. Qa6 Bf8 29. Re1 Re8 30. Re3 Qc7 31. Qc4 Re6 32. Re4 Qc6 33. Re2 Rg6 34. Kh1 Qd7 35. Kh2 Re6 36. Rc2 Re8 37. Re2 Qe6 38. Qe4 Rd8 39. Nh4 Rd4 40. Qa8 Rxh4 41. g3 Qxh3+ 42. Kg1 Qh2+ 43. Kf1 Qh1+ 44. Qxh1 Rxh1+ 45. Kg2 Ra1 46. Re4 a6 47. e6 fxe6 48. f4 b5 49. axb5 axb5 50. Rxe6 c4 51. Ra6 Rxa6 0-1

[Event "January 2 Early 2024"]
[Site "https://www.chess.com"]
[Date "2024.01.02"]
[Round "8"]
[White "Coca Cubillos, Jesus Alberto"]
[Black "Wagner, Dennis"]
[Result "1-0"]
[Board "52"]
[TimeControl "180+1"]
[WhiteFideId "4462912"]
[BlackFideId "24650684"]
[WhiteElo "2564"]
[BlackElo "2752"]
[WhiteTeam "COL"]
[BlackTeam "GER"]
[WhiteClock "0:00:33"]
[BlackClock "0:00:01"]

1. f4 Nf6 2. Nf3 g6 3. g3 Bg7 4. Bg2 O-O 5. O-O d5 6. c3 c5 7. d3 Nc6 8. Qc2 Re8 9. e4 e5 10. fxe5 Nxe5 11. Nxe5 Rxe5 12. Bf4 Re8 13. e5 Nh5 14. d4 cxd4 15. cxd4 Qb6 16. Qf2 Nxf4 17. Qxf4 Rxe5 18. Qxf7+ Kh8 19. Kh1 Be6 20. Qe7 Qxd4 21. Nc3 Qb6 22. Rae1 Rxe1 23. Rxe1 Qxb2 24. Nxd5 Bxd5 25. Bxd5 Rf8 26. Qxb7 Qd2 27. Rb1 Rf2 28. Bg2 Rf8 29. Qxa7 Bd4 30. Qe7 Bg7 31. a4 Qc2 32. Qb4 Bc3 33. Qb3 Qd2 34. Rd1 Qe3 35. a5 Qc5 36. Rc1 Rc8 37. a6 Qe3 38. Qc2 Kg7 39. Rf1 Rc7 40. Qb3 Be5 41. Qb8 Qa7 42. Qf8# 1-0

[Event "January 2 Early 2024"]
[Site "https://www.chess.com"]
[Date "2024.01.02"]
[Round "8"]
[White "Oganian, Miran"]
[Black "Vallejo Diaz, Javier"]
[Result "1-0"]
[Board "53"]
[TimeControl "180+1"]
[WhiteFideId "4122488"]
[BlackFideId "2256398"]
[WhiteElo "2744"]
[BlackElo "2564"]
[WhiteTeam "RUS"]
[BlackTeam "ESP"]
[WhiteClock "0:00:06"]
[BlackClock "0:00:05"]

1. e4 c5 2. Nf3 e6 3. c3 Nf6 4. e5 Nd5 5. d4 cxd4 6. cxd4 Nc6 7. Bc4 d6 8. O-O Be7 9. Bd2 dxe5 10. dxe5 Qc7 11. Nc3 Nxc3 12. Bxc3 O-O 13. Bd3 Rd8 14. Qe2 Bd7 15. Qe4 g6 16. h4 Bf8 17. h5 Ne7 18. hxg6 hxg6 19. Ng5 Nf5 20. Qg4 Nh6 21. Qh3 Bc6 22. Rad1 Bg7 23. Ne4 Bxe4 24. Bxe4 Nf5 25. Bxf5 exf5 26. Qe3 Re8 27. Rd5 Re7 28. Rfd1 Rae8 29. f4 b6 30. Qd3 Bh6 31. g3 Bf8 32. Kg2 Qc6 33. Qf3 Qa4 34. Rh1 Qxa2 35. Rd6 Bg7 36. Qd3 Rc7 37. Kh3 Bf8 38. Rd4 Qe6 39. Qd2 Rec8 40. Qh2 Bg7 41. Kg2 Qa2 42. Qh7+ Kf8 43. Bb4+ Ke8 44. Qxg7 Qxb2+ 45. Rd2 Qxb4 46. Rh8+ Ke7 47. Qf6# 1-0

[Event "January 2 Early 2024"]
[Site "https://www.chess.com"]
[Date "2024.01.02"]
[Round "8"]
[White "Lewtak, Damian"]
[Black "Mohammadi, Melika"]
[Result "1-0"]
[Board "54"]
[TimeControl "180+1"]
[WhiteFideId "1141724"]
[BlackFideId "42529271"]
[WhiteElo "2734"]
[BlackElo "2483"]
[WhiteTeam "POL"]
[BlackTeam "IRI"]
[WhiteClock "0:00:08"]
[BlackClock "0:00:00"]

1. e4 e5 2. Nf3 Nc6 3. Bb5 a6 4. Bxc6 dxc6 5. O-O Qf6 6. d4 exd4 7. Qxd4 Qxd4 8. Nxd4 Bd6 9. Nc3 Bd7 10. Bg5 f6 11. Be3 O-O-O 12. Rad1 Ne7 13. f3 Rhe8 14. a3 f5 15. Bg5 h6 16. Bxe7 Rxe7 17. Nxf5 Bxf5 18. exf5 Rf8 19. g4 Be5 20. Rfe1 Rfe8 21. Kf1 Bxh2 22. Rxe7 Rxe7 23. Ne4 Be5 24. c3 b6 25. Kf2 Bf4 26. Re1 Rd7 27. Ke2 c5 28. Rd1 Re7 29. Kf2 Rf7 30. c4 Re7 31. a4 Be5 32. b3 Bd4+ 33. Kg3 Kb7 34. Kh4 c6 35. Kh5 Rd7 36. Kg6 Kc7 37. f6 gxf6 38. f4 b5 39. Nxf6 Rd6 40. g5 hxg5 41. fxg5 bxc4 42. bxc4 Re6 43. Kf7 Re5 44. Rg1 Rf5 45. Rg2 Kd6 46. Kg6 Rf1 47. Ne4+ Ke5 48. Ng3 Rf8 49. Re2+ Kf4 50. Nh5+ Kf3 51. Re6 Rg8+ 52. Kf5 Rf8+ 53. Nf6 Rb8 54. g6 Bxf6 55. Kxf6 Rb3 56. g7 1-0

[Event "January 2 Early 2024"]
[Site "https://www.chess.com"]
[Date "2024.01.02"]
[Round "8"]
[White "Syaputra, Arifa Rizki"]
[Black "Gajwa Ankit"]
[Result "0-1"]
[Board "55"]
[TimeControl "180+1"]
[WhiteFideId "7105100"]
[BlackFideId "5077834"]
[WhiteElo "2728"]
[BlackElo "2378"]
[WhiteTeam "INA"]
[BlackTeam "IND"]
[WhiteClock "0:00:20"]
[BlackClock "0:01:35"]

1. Nf3 Nf6 2. d4 g6 3. c4 Bg7 4. Nc3 d6 5. Bg5 O-O 6. e3 c5 7. Be2 Nc6 8. h3 h6 9. Bh4 g5 10. Bg3 Bf5 11. d5 Nb8 12. Nd2 Nbd7 13. h4 a6 14. hxg5 hxg5 15. Nf3 b5 16. Nxg5 bxc4 17. Bxc4 Rb8 18. Bd3 Bxd3 19. Qxd3 Rxb2 20. Kf1 c4 21. Qf5 Qa5 22. Nce4 Rfb8 23. Nxf6+ Nxf6 24. Bf4 Qxd5 0-1

[Event "January 2 Early 2024"]
[Site "https://www.chess.com"]
[Date "2024.01.02"]
[Round "8"]
[White "Filippova, Margarita"]
[Black "Dyachuk, Artem"]
[Result "0-1"]
[Board "56"]
[TimeControl "180+1"]
[WhiteFideId "34199680"]
[BlackFideId "34107924"]
[WhiteElo "2347"]
[BlackElo "2718"]
[WhiteTeam "RUS"]
[BlackTeam "UKR"]
[WhiteClock "0:00:00"]
[BlackClock "0:01:36"]

1. e4 e5 2. Nf3 Nc6 3. Bc4 Nf6 4. O-O Nxe4 5. Nc3 Nf6 6. Re1 d5 7. Bb5 e4 8. d3 Bf5 9. Nd4 Bd7 10. dxe4 dxe4 11. Nxe4 Nxe4 12. Rxe4+ Be7 13. Nxc6 bxc6 14. Bd3 Be6 15. Qe2 Qd7 16. Bc4 Rd8 17. Bf4 Bxc4 18. Rxc4 O-O 19. Re1 Bf6 20. c3 Qd5 21. h3 Rde8 22. Re4 Rxe4 23. Qxe4 Qxa2 24. Qxc6 Qxb2 25. Re3 Qb1+ 26. Kh2 Qb6 27. Qxb6 cxb6 28. Rd3 h6 29. Rd7 Ra8 30. Rb7 a5 31. c4 a4 0-1

[Event "January 2 Early 2024"]
[Site "https://www.chess.com"]
[Date "2024.01.02"]
[Round "8"]
[White "Popov, Konstantin"]
[Black "Womacka, Mathias"]
[Result "1-0"]
[Board "57"]
[TimeControl "180+1"]
[WhiteFideId "34137910"]
[BlackFideId "4611390"]
[WhiteElo "2908"]
[BlackElo "2552"]
[WhiteTeam "FID"]
[BlackTeam "GER"]
[WhiteClock "0:01:06"]
[BlackClock "0:00:37"]

1. e4 c5 2. Nf3 d6 3. d4 cxd4 4. Nxd4 Nf6 5. Nc3 a6 6. Bg5 e6 7. f4 h6 8. Bh4 Qb6 9. Qd2 Qxb2 10. Rb1 Qa3 11. e5 dxe5 12. fxe5 g5 13. Bf2 Ng4 14. Bg3 Bg7 15. Be2 Nxe5 16. h4 Nbc6 17. Rb3 Qa5 18. Nxc6 Nxc6 19. Ne4 Qxd2+ 20. Kxd2 b5 21. Nd6+ Ke7 22. Bf3 Bd7 23. Re3 Kf8 24. Rd3 Rd8 25. Nb7 Ke7 26. Bd6+ Kf6 27. Nxd8 Rxd8 28. Bc7 Rc8 29. Rxd7 Ne5 30. Bxe5+ Kxe5 31. Rxf7 Bf8 32. Re1+ Kd6 33. Bg4 1-0

[Event "January 2 Early 2024"]
[Site "https://www.chess.com"]
[Date "2024.01.02"]
[Round "8"]
[White "Veiga, Jose Francisco R P Neves"]
[Black "Bjerre, Jonas Buhl"]
[Result "0-1"]
[Board "58"]
[TimeControl "180+1"]
[WhiteFideId "1930087"]
[BlackFideId "1444948"]
[WhiteElo "2543"]
[BlackElo "2868"]
[WhiteTeam "POR"]
[BlackTeam "DEN"]
[WhiteClock "0:01:01"]
[BlackClock "0:01:46"]

1. c4 b6 2. Nc3 Bb7 3. e4 c5 4. g3 e6 5. Bg2 Nc6 6. Nge2 Nf6 7. O-O Qc7 8. d4 cxd4 9. Nxd4 Nxd4 10. Qxd4 Bc5 11. Qd3 a6 12. Bf4 e5 13. Bg5 Ng4 14. Qe2 h5 15. h3 Nf6 16. Rad1 Bd4 17. Bxf6 gxf6 18. Nd5 Bxd5 19. exd5 O-O-O 20. c5 bxc5 21. Qxa6+ Qb7 22. Qxf6 Rhg8 23. d6 Rxg3 0-1